 Dungeon Crawl Stone Soup version 0.22-a0-282-gdd34a7d (webtiles) character file.

1170 Gorice the Charlatan (level 8, -1/63 HPs)
             Began as a Gnoll Wanderer on Mar 17, 2018.
             Was a Priest of Cheibriados.
             Killed from afar by an electric eel (10 damage)
             ... with a bolt of electricity
             ... on level 6 of the Dungeon.
             The game lasted 00:23:42 (6476 turns).

Gorice the Charlatan (Gnoll Wanderer)               Turns: 6476, Time: 00:23:42

Health: -1/63      AC: 10    Str: 24    XL:     8   Next: 40%
Magic:  12/12      EV: 13    Int: 22    God:    Cheibriados [***...]
Gold:   301        SH:  0    Dex: 24    Spells: 13/13 levels left

rFire    + . .     SeeInvis .   a - +2 flail (holy)
rCold    . . .     Gourm    .   (no shield)
rNeg     . . .     Faith    .   u - +0 ring mail
rPois    .         Spirit   .   (no helmet)
rElec    .         Reflect  .   (no cloak)
rCorr    .         Harm     .   F - +1 pair of gloves
MR       .....                  x - +1 pair of boots
Stlth    ++++......             (no amulet)
HPRegen  0.20/turn              l - ring of protection from fire
MPRegen  0.13/turn              z - ring of stealth

@: very slightly contaminated, very slow
A: distributed training, fangs 1, strong nose
a: Bend Time, Temporal Distortion, Renounce Religion


You were on level 6 of the Dungeon.
You worshipped Cheibriados.
Cheibriados was most pleased with you.
You were not hungry.

You visited 2 branches of the dungeon, and saw 7 of its levels.
You also visited: Sewer.

You collected 301 gold pieces.

Inventory:

Hand Weapons
 a - a +2 flail of holy wrath (weapon)
   (You took it off an orc on level 5 of the Dungeon)
 b - a +0 falchion
Missiles
 r - 11 tomahawks (quivered)
 s - 71 sling bullets
 A - 20 bolts
 Y - 166 stones
Armour
 p - a +1 leather armour of cold resistance
   (You took it off Ijyb on level 3 of the Dungeon)
 u - a +0 ring mail (worn)
 x - a +1 pair of boots (worn)
 F - a +1 pair of gloves (worn)
Jewellery
 l - a ring of protection from fire (left hand)
 z - a ring of stealth (right hand)
Wands
 c - a wand of enslavement (9)
 o - a wand of digging (17)
 w - a wand of paralysis (25)
Scrolls
 k - 6 scrolls of teleportation {!r}
 n - a scroll of immolation {!r}
 y - 2 scrolls of magic mapping {!r}
Potions
 d - a potion of might {unknown}
 e - 4 potions of curing
 g - a potion of haste {!q}
 i - a potion of lignification {!q}
 j - a potion of resistance {!q}
 q - a potion of agility {!q}
 t - a potion of cancellation {unknown}
 v - 2 potions of brilliance {!q}
 B - a potion of mutation {unknown}
Comestibles
 f - 11 rations
 h - 2 chunks of flesh


   Skills:
 + Level 5.6 Fighting
 + Level 3.2 Short Blades
 + Level 3.2 Long Blades
 + Level 3.2 Axes
 + Level 5.6 Maces & Flails
 + Level 3.2 Polearms
 + Level 3.2 Staves
 + Level 3.2 Slings
 + Level 3.2 Bows
 + Level 3.2 Crossbows
 + Level 3.2 Throwing
 + Level 5.6 Armour
 + Level 3.2 Dodging
 + Level 4.0 Stealth
 + Level 3.2 Shields
 + Level 4.1 Unarmed Combat
 + Level 3.2 Spellcasting
 + Level 2.6 Conjurations
 + Level 2.6 Hexes
 + Level 2.6 Charms
 + Level 2.6 Summonings
 + Level 2.6 Necromancy
 + Level 2.6 Translocations
 + Level 2.6 Transmutations
 + Level 2.6 Fire Magic
 + Level 2.6 Ice Magic
 + Level 2.6 Air Magic
 + Level 2.6 Earth Magic
 + Level 2.6 Poison Magic
 + Level 3.5 Invocations
 + Level 5.6 Evocations


You had 13 spell levels left.
You didn't know any spells.

Dungeon Overview and Level Annotations

Branches:
Dungeon (6/15)             Temple (1/1) D:4

Altars:
Ashenzari
Cheibriados
Dithmenos
Elyvilon
Hepliaklqana
Kikubaaqudgha
Nemelex Xobeh
Okawaru
Qazlal
Ru
Sif Muna
Trog
Uskayaw
Wu Jian
Xom
Yredelemnul
Zin


Innate Abilities, Weirdness & Mutations

Your experience applies equally to all skills.
You have very sharp teeth.
Your uncanny sense of smell can sniff out nearby items.


Message History

You see here a dart slug corpse.
The helpless electric eel fails to defend itself.
You bludgeon the electric eel!!
You kill the electric eel!
You hear a splash.
Your electric eel shoots out a bolt of lightning at the giant cockroach!
The bolt of electricity hits the giant cockroach.
The giant cockroach dies!
Cheibriados appreciates the change of pace.
Unknown command.
Unknown command.
Your electric eel shoots out a bolt of lightning at the dart slug!
The bolt of electricity hits the dart slug.
The dart slug dies!
Cheibriados appreciates the change of pace.
You enter the shallow water.
Moving in this stuff is going to be slow.
You see here an electric eel corpse.
You butcher the electric eel corpse.
You see here 2 chunks of flesh.
h - 2 chunks of flesh You see here a dart slug corpse.
The electric eel is no longer charmed.
The electric eel shoots out a bolt of lightning at you!
The bolt of electricity hits you!
Damage: 3 (max 3)
The electric eel shoots out a bolt of lightning at you!
The bolt of electricity hits you!
Damage: 3 (max 3) Unknown command.
The electric eel shoots out a bolt of lightning at you!
The bolt of electricity hits you!
The electric eel shoots out a bolt of lightning at you!
The bolt of electricity hits you!
The electric eel shoots out a bolt of lightning at you!
The bolt of electricity hits you!
Damage: 21 (max 21)
The electric eel shoots out a bolt of lightning at you!
The bolt of electricity hits you!
* * * LOW HITPOINT WARNING * * *
Damage: 12 (max 21)
An ooze comes into view.
The electric eel shoots out a bolt of lightning at you!
The bolt of electricity misses you.
The electric eel shoots out a bolt of lightning at you!
The bolt of electricity hits you!
* * * LOW HITPOINT WARNING * * *
The electric eel shoots out a bolt of lightning at you!
The bolt of electricity hits you!
You die...

..#≈≈≈.#..≈≈≈#;w#
.#≈≈≈≈≈.<<≈#≈≈≈#.
....≈≈;;≈≈≈≈≈≈≈..
###.#.#≈≈#≈≈≈...###
....##≈≈†≈;##.....
..##.####....#.....
. ...!...........#.
J..
............###.....
............@.......
......$........##+##
...............#
............####
............#
#...........#
.........# ........#


You could see 3 electric eels and an ooze (sleeping).

Vanquished Creatures
  Grinder (D:3)
  Purgy (Sewer)
  An ogre (D:5)
  A scorpion (D:4)
  An electric eel (D:6)
  2 orc priests (D:5)
  A hound (D:5)
  2 jellies (D:5)
  A centaur skeleton (D:4)
  Ijyb (D:3)
  Natasha (D:2)
  4 orc wizards (D:5)
  6 worker ants
  A hound skeleton (D:5)
  A worker ant zombie (D:5)
  A howler monkey skeleton (D:2)
  A river rat (D:5)
  6 adders
  2 adder skeletons
  2 adder zombies (D:5)
  7 worms
  5 dart slugs
  5 leopard geckos
  15 orcs
  2 ball pythons
  13 bats
  9 giant cockroaches
  3 goblins
  2 hobgoblins
  13 jackals
  9 kobolds
  2 quokkas
  A ball python skeleton (D:6)
  9 frilled lizards
  A jackal zombie (D:5)
  A leopard gecko skeleton (D:3)
  9 rats
143 creatures vanquished.

Vanquished Creatures (collateral kills)
  2 gnolls (D:3)
  2 dart slugs (D:6)
  A giant cockroach (D:6)
5 creatures vanquished.

Vanquished Creatures (others)
  An orc priest (D:4)
  An orc wizard (D:5)
  A gnoll (D:3)
  An orc (D:4)
4 creatures vanquished.

Grand Total: 152 creatures vanquished

Notes
Turn   | Place    | Note
-------+----------+-------------------------------------------
     0 | D:1      | Gorice the Gnoll Wanderer began the quest for the Orb.
     0 | D:1      | Gorice set off with: a wand of enslavement (15), a +0 falchion, a +0 mace, a +0 robe, a ration
     0 | D:1      | Reached XP level 1. HP: 20/20 MP: 3/3
    69 | D:1      | Reached XP level 2. HP: 22/26 MP: 5/5
   543 | D:1      | Reached XP level 3. HP: 30/31 MP: 6/6
  1218 | D:2      | Reached skill level 1 in Invocations
  1232 | D:2      | HP: 9/31 [jackal (3)]
  1239 | D:2      | HP: 7/31 [poisoned by an adder]
  1247 | D:2      | HP: 6/31 [poisoned by an adder]
  1569 | D:2      | Reached skill level 1 in Short Blades
  1569 | D:2      | Reached skill level 1 in Long Blades
  1569 | D:2      | Reached skill level 1 in Axes
  1569 | D:2      | Reached skill level 1 in Polearms
  1569 | D:2      | Reached skill level 1 in Staves
  1569 | D:2      | Reached skill level 1 in Slings
  1569 | D:2      | Reached skill level 1 in Bows
  1569 | D:2      | Reached skill level 1 in Crossbows
  1569 | D:2      | Reached skill level 1 in Throwing
  1569 | D:2      | Reached skill level 1 in Dodging
  1569 | D:2      | Reached skill level 1 in Shields
  1569 | D:2      | Reached skill level 1 in Spellcasting
  1569 | D:2      | Reached XP level 4. HP: 31/38 MP: 7/7
  1922 | D:2      | Found a snail-covered altar of Cheibriados.
  1932 | D:2      | Became a worshipper of Cheibriados the Contemplative
  2000 | D:2      | Reached skill level 1 in Conjurations
  2000 | D:2      | Reached skill level 1 in Hexes
  2000 | D:2      | Reached skill level 1 in Charms
  2000 | D:2      | Reached skill level 1 in Summonings
  2000 | D:2      | Reached skill level 1 in Necromancy
  2000 | D:2      | Reached skill level 1 in Translocations
  2000 | D:2      | Reached skill level 1 in Transmutations
  2000 | D:2      | Reached skill level 1 in Fire Magic
  2000 | D:2      | Reached skill level 1 in Ice Magic
  2000 | D:2      | Reached skill level 1 in Air Magic
  2000 | D:2      | Reached skill level 1 in Earth Magic
  2000 | D:2      | Reached skill level 1 in Poison Magic
  2500 | D:2      | Noticed Natasha
  2505 | D:2      | Killed Natasha
  2505 | D:2      | Reached XP level 5. HP: 31/43 MP: 8/8
  2662 | D:3      | Noticed Ijyb
  2692 | D:3      | Killed Ijyb
  2692 | D:3      | Reached skill level 3 in Unarmed Combat
  3006 | D:3      | Reached * piety under Cheibriados
  3323 | D:3      | Noticed Grinder
  3350 | D:3      | Paralysed by Grinder for 7 turns
  3355 | D:3      | HP: 6/43 [Grinder (10)]
  3358 | D:3      | Killed Grinder
  3358 | D:3      | Reached skill level 5 in Fighting
  3358 | D:3      | Reached skill level 2 in Short Blades
  3358 | D:3      | Reached skill level 2 in Long Blades
  3358 | D:3      | Reached skill level 2 in Axes
  3358 | D:3      | Reached skill level 5 in Maces & Flails
  3358 | D:3      | Reached skill level 2 in Polearms
  3358 | D:3      | Reached skill level 2 in Staves
  3358 | D:3      | Reached skill level 2 in Slings
  3358 | D:3      | Reached skill level 2 in Bows
  3358 | D:3      | Reached skill level 2 in Crossbows
  3358 | D:3      | Reached skill level 2 in Throwing
  3358 | D:3      | Reached skill level 5 in Armour
  3358 | D:3      | Reached skill level 2 in Dodging
  3358 | D:3      | Reached skill level 3 in Stealth
  3358 | D:3      | Reached skill level 2 in Shields
  3358 | D:3      | Reached skill level 2 in Spellcasting
  3358 | D:3      | Reached skill level 2 in Invocations
  3358 | D:3      | Reached skill level 5 in Evocations
  3358 | D:3      | Reached XP level 6. HP: 36/51 MP: 9/9
  3853 | D:4      | Found a staircase to the Ecumenical Temple.
  3862 | Temple   | Entered the Ecumenical Temple
  4245 | D:4      | Reached ** piety under Cheibriados
  4370 | D:4      | Reached XP level 7. HP: 45/56 MP: 10/10
  5049 | D:4      | Reached skill level 2 in Conjurations
  5049 | D:4      | Reached skill level 2 in Hexes
  5049 | D:4      | Reached skill level 2 in Charms
  5049 | D:4      | Reached skill level 2 in Summonings
  5049 | D:4      | Reached skill level 2 in Necromancy
  5049 | D:4      | Reached skill level 2 in Translocations
  5049 | D:4      | Reached skill level 2 in Transmutations
  5049 | D:4      | Reached skill level 2 in Fire Magic
  5049 | D:4      | Reached skill level 2 in Ice Magic
  5049 | D:4      | Reached skill level 2 in Air Magic
  5049 | D:4      | Reached skill level 2 in Earth Magic
  5049 | D:4      | Reached skill level 2 in Poison Magic
  5087 | D:5      | Entered Level 5 of the Dungeon
  5290 | D:5      | Reached *** piety under Cheibriados
  5348 | D:5      | Found a glowing drain.
  5362 | Sewer    | Entered a sewer
  5486 | Sewer    | Noticed Purgy
  5492 | Sewer    | Killed Purgy
  5492 | Sewer    | Reached skill level 3 in Invocations
  5730 | D:5      | Reached XP level 8. HP: 55/63 MP: 12/12
  5883 | D:5      | Reached skill level 3 in Short Blades
  5883 | D:5      | Reached skill level 3 in Long Blades
  5883 | D:5      | Reached skill level 3 in Axes
  5883 | D:5      | Reached skill level 3 in Polearms
  5883 | D:5      | Reached skill level 3 in Staves
  5883 | D:5      | Reached skill level 3 in Slings
  5883 | D:5      | Reached skill level 3 in Bows
  5883 | D:5      | Reached skill level 3 in Crossbows
  5883 | D:5      | Reached skill level 3 in Throwing
  5883 | D:5      | Reached skill level 3 in Dodging
  5883 | D:5      | Reached skill level 3 in Shields
  5883 | D:5      | Reached skill level 4 in Unarmed Combat
  5883 | D:5      | Reached skill level 3 in Spellcasting
  6243 | D:5      | Reached skill level 4 in Stealth
  6275 | D:5      | Found an iron altar of Okawaru.
  6349 | D:5      | Found a shattered altar of Ashenzari.
  6476 | D:6      | HP: 9/63 [electric eel/bolt of electricity (13)]
  6476 | D:6      | Killed from afar by an electric eel

Vault maps used:
D:1:      minmay_arrival_diagonal_passages
D:2:      kennysheep_slug_shrine, first_ration, uniq_natasha
D:3:      uniq_ijyb, uniq_grinder
D:4:      minmay_temple_entry_poolview, serial_bayou, serial_bayou_pond_a,
          serial_bayou_crossing, serial_bayou_pond_a, serial_bayou_lagoon_a
D:5:      lemuel_coloured_pillars_altar, lemuel_round_altar,
          gup_sewer_entry_spiral, kennysheep_doodads
D:6:      kennysheep_slugbush
Temple:   dpeg_chambers_temple
Sewer:    kennysheep_door_sewer

Skill      XL: |  1  2  3  4  5  6  7  8 |
---------------+-------------------------+-----
Invocations    | 1 2 3 |  3.5
Short Blades   | 1 2 3 |  3.2
Long Blades    | 1 2 3 |  3.2
Axes           | 1 2 3 |  3.2
Polearms       | 1 2 3 |  3.2
Staves         | 1 2 3 |  3.2
Slings         | 1 2 3 |  3.2
Bows           | 1 2 3 |  3.2
Crossbows      | 1 2 3 |  3.2
Throwing       | 1 2 3 |  3.2
Dodging        | 1 2 3 |  3.2
Shields        | 1 2 3 |  3.2
Spellcasting   | 1 2 3 |  3.2
Conjurations   | 1 2 |  2.6
Hexes          | 1 2 |  2.6
Charms         | 1 2 |  2.6
Summonings     | 1 2 |  2.6
Necromancy     | 1 2 |  2.6
Translocations | 1 2 |  2.6
Transmutations | 1 2 |  2.6
Fire Magic     | 1 2 |  2.6
Ice Magic      | 1 2 |  2.6
Air Magic      | 1 2 |  2.6
Earth Magic    | 1 2 |  2.6
Poison Magic   | 1 2 |  2.6
Unarmed Combat | 3 4 |  4.1
Fighting       | 5 |  5.6
Maces & Flails | 5 |  5.6
Armour         | 5 |  5.6
Stealth        | 3 4 |  4.0
Evocations     | 5 |  5.6

Action                   |  1- 3 |  4- 6 |  7- 9 || total
-------------------------+-------+-------+-------++-------
Melee: Mace              |    91 |   191 |     5 ||   287
       Bite              |    11 |    33 |    36 ||    80
       Punch             |     2 |     6 |     4 ||    12
       Flail             |       |       |   163 ||   163
Throw: Stone             |     6 |    22 |       ||    28
       Tomahawk          |       |    15 |    41 ||    56
Evoke: Wand              |       |     4 |     5 ||     9
  Use: Scroll            |     2 |     7 |     7 ||    16
       Potion            |       |     1 |       ||     1
 Stab: Sleeping          |     5 |     6 |     4 ||    15
       Paralysed         |       |       |     4 ||     4
  Eat: Chunk             |     2 |     7 |     4 ||    13
Armor: Robe              |    27 |    21 |       ||    48
       Leather armour    |       |    17 |       ||    17
       Ring mail         |       |       |    73 ||    73
Dodge: Dodged            |    70 |   122 |    96 ||   288

Table legend:
 A = Spawn XP
 B = Non-spawn XP
 C = Spawn XP percentage of total XP
 D = Spawn monster count
 E = Non-spawn monster count
 F = Spawn count percentage of total count
 G = Total turns spent on level
                    A         B        C        D         E        F      G
               +---------+---------+-------+---------+---------+-------+---------
         Total |       0 |    1672 |   0.0 |       0 |     151 |   0.0 |  6476
               +---------+---------+-------+---------+---------+-------+---------
           D:1 |       0 |      39 |   0.0 |       0 |      23 |   0.0 |  1073
           D:2 |       0 |     156 |   0.0 |       0 |      30 |   0.0 |  1508
           D:3 |       0 |     285 |   0.0 |       0 |      22 |   0.0 |  1254
           D:4 |       0 |     352 |   0.0 |       0 |      27 |   0.0 |  1014
           D:5 |       0 |     637 |   0.0 |       0 |      37 |   0.0 |  1210
           D:6 |       0 |      63 |   0.0 |       0 |       6 |   0.0 |    26
         Sewer |       0 |     140 |   0.0 |       0 |       6 |   0.0 |   153
               +---------+---------+-------+---------+---------+-------+---------

Table legend:
 A = Turns spent in this place as a percentage of turns spent in the entire game.
 B = Non-inter-level travel turns spent in this place as a percentage of non-inter-level travel turns spent in the entire game.
 C = Inter-level travel turns spent in this place as a percentage of turns spent in this place.
 D = Turns resting spent in this place as a percentage of non-inter-level travel turns spent in this place.
 E = Turns spent auto-exploring this place as a percentage of non-inter-level travel turns spent in this place.
 F = Non-inter-level travel turns spent in this place divided by the number of levels of this place that you've seen.
                   A       B       C       D       E      F
               +-------+-------+-------+-------+-------+----------------------
         Total | 100.0 | 100.0 |   3.6 |  19.5 |  47.7 | 780.0
       Dungeon |  94.0 |  94.1 |   3.5 |  20.7 |  47.0 | 978.5
        Temple |   3.7 |   3.5 |   9.2 |   0.0 |  99.1 | 216.0
         Sewer |   2.4 |   2.5 |   0.0 |   0.0 |   0.0 | 153.0
               +-------+-------+-------+-------+-------+----------------------

Vault maps used:
D:1:      minmay_arrival_diagonal_passages
D:2:      kennysheep_slug_shrine, first_ration, uniq_natasha
D:3:      uniq_ijyb, uniq_grinder
D:4:      minmay_temple_entry_poolview, serial_bayou, serial_bayou_pond_a,
          serial_bayou_crossing, serial_bayou_pond_a, serial_bayou_lagoon_a
D:5:      lemuel_coloured_pillars_altar, lemuel_round_altar,
          gup_sewer_entry_spiral, kennysheep_doodads
D:6:      kennysheep_slugbush
Temple:   dpeg_chambers_temple
Sewer:    kennysheep_door_sewer
